 Dungeon Crawl Stone Soup version 0.30.0-3-ga4e48a9924 (webtiles) character file.

Game seed: 17301203087743800988

142065 cheesebisquit the Brawler (level 16, -2/158 HPs)
             Began as a Troll Fighter on May 6, 2023.
             Was an Elder of Okawaru.
             Killed from afar by a shard shrike (36 damage)
             ... with a shard of ice
             ... in an ice cave on May 7, 2023.
             The game lasted 02:08:49 (23952 turns).

cheesebisquit the Brawler (Troll Fighter)          Turns: 23952, Time: 02:08:49

Health: -2/158     AC: 18    Str: 34    XL:     16   Next: 79%
Magic:  16/22      EV: 18    Int:  4    God:    Okawaru [****..]
Gold:   1238       SH: 14    Dex:  9    Spells: 15/15 levels left

rFire   + .          .
                       - Unarmed
rCold   . . .        b - +2 kite shield
rNeg    . . .        G - +1 acid dragon scales
rPois   .            g - +2 hat {Stlth+}
rElec   .            n - +2 cloak
rCorr   +            (gloves unavailable)
SInv    .            (boots unavailable)
Will    +++..        w - amulet "Qofocownu" {rF+ Will+ Regen+}
Stlth   ++++         K - ring of willpower
HPRegen 2.06/turn    x - +5 ring of evasion
MPRegen 0.18/turn

%: no passive effects
@: mighty, heroic, finesse-ful
A: large, unfitting armour, claws 3, regeneration 1, shaggy fur 1, tough skin 1
a: Renounce Religion, Heroism, Finesse


You were in an ice cave.
You worshipped Okawaru.
Okawaru was greatly pleased with you.
You visited 5 branches of the dungeon, and saw 24 of its levels.
You also visited: Ice Cave.

You collected 2358 gold pieces.
You spent 1120 gold pieces at shops.

Inventory:

Hand Weapons
 c - the +6 demon trident "Inkoapp" {flame, rElec Dex+2}
   (Okawaru gifted it to you on level 4 of the Lair of Beasts)

   Dex:       It affects your dexterity (+2).
   rElec:     It insulates you from electricity.
 D - a +2 spectral giant spiked club
 Q - a +3 morningstar of protection
Missiles
 l - 8 silver javelins
 q - 13 poisoned darts
 s - 6 throwing nets
 t - 11 large rocks
 u - 3 boomerangs of dispersal
 y - 3 silver boomerangs
 N - 3 datura-tipped darts
 O - 3 boomerangs (quivered)
 S - 7 curare-tipped darts
 U - 17 javelins
 X - 3 atropa-tipped darts
Armour
 a - a +1 robe of resistance
 b - a +2 kite shield (worn)
 e - a scarf of resistance
 g - a +2 hat of stealth (worn)
 n - a +2 cloak (worn)
 G - +1 acid dragon scales (worn)
Jewellery
 w - the amulet "Qofocownu" (around neck) {rF+ Will+ Regen+}
   (You acquired it on level 2 of the Orcish Mines)

   [amulet of regeneration]

   rF:        It protects you from fire.
   Regen:     It increases your rate of health regeneration.
   Will:      It increases your willpower.
 x - a +5 ring of evasion (right claw)
 B - a ring of protection from fire
 K - a ring of willpower (left claw)
 P - a ring of see invisible
Wands
 r - a wand of flame (69)
 C - a wand of iceblast (10)
 L - a wand of digging (4)
 T - a wand of mindburst (23)
Scrolls
 d - 5 scrolls of vulnerability
 j - 3 scrolls of magic mapping
 z - a scroll of identify
 A - a scroll of amnesia
 H - 3 scrolls of fear
 I - 3 scrolls of teleportation
 J - a scroll of immolation
 M - a scroll of poison
 R - a scroll of fog
 Z - a scroll of torment
Potions
 f - 4 potions of magic
 i - a potion of mutation
 k - 5 potions of curing
 m - 12 potions of brilliance
 o - 3 potions of cancellation
 p - 2 potions of resistance
 v - 6 potions of flight
 E - 3 potions of ambrosia
 F - 2 potions of berserk rage
 V - 2 potions of might
 Y - 4 potions of lignification


   Skills:
 + Level 10.0(15.0) Fighting
 + Level 10.2(15.2) Throwing
 + Level 8.3(13.3) Armour
 + Level 9.5(14.5) Dodging
 - Level 4.0(9.0) Stealth
 - Level 10.0(15.0) Shields
 + Level 16.4(21.4) Unarmed Combat
 + Level 9.8 Invocations


You had 15 spell levels left.
You didn't know any spells.
Your spell library contained the following spells:

 Spells                   Type           Power      Damage    Failure   Level
 Freeze                   Ice            0%         1d3       65%         1
 Kiss of Death            Conj/Necr      0%         2d5       65%         1
 Ensorcelled Hibernation  Hex/Ice        0%         N/A       78%         2
 Confusing Touch          Hex            0%         N/A       95%         3
 Frozen Ramparts          Ice            0%         1d1       95%         3
 Hailstorm                Conj/Ice       0%         3d3       95%         3
 Ozocubu's Armour         Ice            0%         N/A       95%         3
 Portal Projectile        Hex/Tloc       0%         N/A       95%         3
 Spider Form              Tmut/Pois      0%         N/A       95%         3
 Stone Arrow              Conj/Erth      0%         3d7       95%         3
 Vhi's Electric Charge    Tloc/Air       0%         N/A       95%         3
 Volatile Blastmotes      Fire/Tloc      0%         2d10      95%         3
 Anguish                  Hex/Necr       0%         N/A       100%        4
 Dispel Undead            Necr           0%         3d6       100%        4
 Fulminant Prism          Conj/Hex       0%         3d5       100%        4
 Iskenderun's Mystic Bla  Conj/Tloc      0%         2d3       100%        4
 Leda's Liquefaction      Hex/Erth       0%         N/A       100%        4
 Arcjolt                  Conj/Air       0%         1d10      100%        5
 Lee's Rapid Deconstruct  Erth           0%         3d4*      100%        5
 Conjure Ball Lightning   Conj/Air       0%         3x3d6     100%        6
 Iron Shot                Conj/Erth      0%         9d1       100%        6
 Plasma Beam              Fire/Air       0%         2x1d11    100%        6
 Ozocubu's Refrigeration  Ice            0%         4d7       100%        7
 Storm Form               Tmut/Air       0%         N/A       100%        7
 Discord                  Hex            0%         N/A       100%        8
 Disjunction              Tloc           0%         N/A       100%        8
 Maxwell's Capacitive Co  Air            0%         ∞         100%        8
 Shatter                  Erth           0%         3d5*      100%        9
 Call Canine Familiar     Summ           Unusable   N/A       N/A         3
 Animate Armour           Summ/Erth      Unusable   N/A       N/A         4
 Summon Ice Beast         Ice/Summ       Unusable   N/A       N/A         4
 Summon Lightning Spire   Summ/Air       Unusable   N/A       N/A         4

Dungeon Overview and Level Annotations

Branches:
Dungeon (12/15)            Temple (1/1) D:5            Lair (5/5) D:9
  Swamp (0/4) Lair:3       Spider (4/4) Lair:2        Slime (0/5) Lair:4
    Orc (2/2) D:10            Elf (0/3) Orc:2         IceCv (1/1)

Altars:
Ashenzari
Cheibriados
Dithmenos
Elyvilon
Fedhas
Gozag
Hepliaklqana
Kikubaaqudgha
Makhleb
Nemelex Xobeh
Okawaru
Qazlal
Ru
Sif Muna
Trog
Uskayaw
Vehumet
Wu Jian
Xom
Yredelemnul
Zin
The Shining One
Jiyva

Shops:
D:5 *   D:8 !   Orc:2 !=?!*

Portals:
Trove: D:12 (give +2 gold dragon scales)

Annotations:
Lair:3 2 transporters
Spider:3 2 transporters, Esekla's ghost, adept DsWn


Innate Abilities, Weirdness & Mutations

You are too large for most types of armour.
You have claws for hands.
Your natural rate of healing is unusually fast.
You are covered in fur. (AC +1)
You have tough skin. (AC +1)


Message History

You scratch the rime drake but do no damage.
The ironbound frostheart calls freezing cold from the walls.
The frost grips you!!
You mangle the rime drake!!
You kill the rime drake!
Okawaru accepts your kill. You block the shard shrike's attack.
Your base Fighting skill increases to level 10!
You miss the shard shrike. The ice encasing you melts away.
The shard shrike closely misses you. x2
You scratch the shard shrike.
The shard shrike is lightly wounded.
The shard shrike misses you. The shard shrike claws you.
The shard shrike freezes you!!!
You can now deal lightning-fast blows.
You block the shard shrike's attack. x2
You eviscerate the shard shrike!!!
The shard shrike is heavily wounded.
You scratch the shard shrike.
The shard shrike is heavily wounded.
The shard shrike spits a shard of ice at you.
The shard of ice hits you!!
* * * LOW HITPOINT WARNING * * *
You feel very mighty all of a sudden. The shard shrike closely misses you.
The shard shrike claws you.
* * * LOW HITPOINT WARNING * * *
The shard shrike freezes you!!
* * * LOW HITPOINT WARNING * * *
You feel better.
The white ugly thing basks in the mutagenic energy from its kin and changes!
The shard shrike barely misses you.
You barely miss the shard shrike.
The shard shrike is heavily wounded.
You block the shard shrike's attack.
You miss the shard shrike.
The shard shrike is heavily wounded.
The shard shrike spits a shard of ice at you.
The shard of ice hits you!!!
You die...

### ########## #..
#ub@##...#########.⌠
#uuh##...##...#..#....
#..kp
########..#...)## ...k
#..#####.~~ ...
##..##..~#~ #.
###...##~~ # #### ###


You could see a shard shrike (catching breath), 3 ugly things, an ironbound
frostheart, a polar bear and 2 rime drakes.

Vanquished Creatures
  Arachne (Spider:3)
  Kirke (Lair:2)
  3 emperor scorpions
  A ghost moth (Spider:2)
  3 broodmothers
  A white draconian (IceCv)
  2 spark wasps
  Josephine (D:12)
  An ice dragon (Spider:4)
  6 entropy weavers
  An entropy weaver (shapeshifter) (D:12)
  2 hydras
  The ghost of Plog the Tainter, a journeyman DgVM (D:12)
  Erolcha (D:12)
  3 catoblepae (Lair:5)
  3 radroaches (Spider:3)
  Harold (Lair:2)
  A jorogumo (Spider:2)
  Erica (D:11)
  A two-headed ogre (D:10)
  A boulder beetle (D:12)
  2 orc high priests
  17 death yaks
  Urug (Lair:2)
  5 skysharks
  Nergalle (D:9)
  2 pharaoh ants
  The ghost of dialectric the Cleaver, a novice GrFi (D:7)
  6 orb spiders
  An orange crystal statue (IceCv)
  Pikel (D:7)
  3 wolf spider zombies (Spider:2)
  A deep elf pyromancer (D:12)
  2 orc sorcerers
  3 spectral wolf spiders (Spider:2)
  9 steelbarb worms
  6 orc knights
  16 wolf spiders
  2 moths of wrath
  3 ugly things
  3 manticores
  A cyclops (Orc:2)
  15 elephants
  5 black mambas
  13 demonic crawlers
  7 cane toads
  A gargoyle (D:12)
  A torpor snail (Spider:3)
  16 rime drakes
  Maggie (D:7)
  Psyche (D:10)
  6 kobold demonologists
  13 komodo dragons
  12 polar bears
  A hornet (D:8)
  3 meliai (Spider:3)
  6 trolls
  3 wolf spider simulacra (Spider:2)
  28 tarantellas
  7 blink frogs
  23 jumping spiders
  Sigmund (D:4)
  62 yaks
  A shadow (D:9)
  18 culicivoras
  3 wyverns
  A ynoxinul (D:12)
  A water elemental (D:12)
  8 wraiths
  Grum (D:9)
  4 hogs (Lair:2)
  6 basilisks
  2 humans (Lair:2)
  67 redbacks
  A steam dragon (D:7)
  5 vampire mosquitoes (Lair:3)
  5 wargs
  Edmund (D:5)
  2 acid dragons (D:10)
  18 water moccasins
  3 black bears
  A sky beast (D:7)
  40 orc warriors
  An ice beast (D:5)
  6 ogres
  12 wolves
  11 centaurs
  4 lemures (D:7)
  2 phantoms (D:7)
  7 kobold brigands
  Blork the orc (D:5)
  2 gnoll sergeants (D:8)
  3 necrophages (D:7)
  9 bullfrogs
  A wyvern zombie (D:7)
  4 scorpions
  13 wights
  4 killer bees
  A vampire bat (D:3)
  4 electric eels
  6 howler monkeys
  2 centaur zombies (D:7)
  2 hounds
  A human zombie (D:7)
  20 orc priests
  2 jellies
  Crazy Yiuf (D:6)
  4 gnoll boudas
  4 iguanas
  24 orc wizards
  2 killer bee zombies (D:7)
  30 gnolls
  A howler monkey zombie (D:7)
  6 adders
  2 shadow imps (D:7)
  2 white imps
  2 worms (D:2)
  3 dart slugs
  3 fire bats (D:3)
  90 orcs
  2 spectral bats (D:3)
  3 bat skeletons (D:3)
  A bat zombie (D:3)
  5 endoplasms
  14 giant cockroaches
  6 goblins
  3 hobgoblins
  6 jackals
  4 quokkas
  2 ball pythons
  14 bats
  A bat simulacrum (D:3)
  2 frilled lizards (D:1)
  9 kobolds
  4 rats
  A butterfly (Lair:3)
904 creatures vanquished.

Vanquished Creatures (others)
  A pharaoh ant (Spider:2)
  2 human simulacra (D:10)
  A bush (Lair:4)
  30 fungi
  54 plants
88 creatures vanquished.

Grand Total: 992 creatures vanquished

Notes
Turn   | Place    | Note
-------+----------+-------------------------------------------
     0 | D:1      | cheesebisquit the Troll Fighter began the quest for the
                  | Orb.
     0 | D:1      | Reached XP level 1. HP: 22/22 MP: 0/0
   307 | D:1      | Reached skill level 3 in Unarmed Combat
   307 | D:1      | Reached XP level 2. HP: 12/29 MP: 1/1
   403 | D:1      | Noticed a great orb of eyes
   405 | D:1      | Found a faded altar of an unknown god.
   407 | D:1      | Noticed a floating eye
   418 | D:1      | Noticed an eye of devastation
  1011 | D:2      | Reached XP level 3. HP: 36/36 MP: 2/2
  1073 | D:2      | Reached skill level 4 in Unarmed Combat
  1429 | D:2      | Reached XP level 4. HP: 40/44 MP: 3/3
  1963 | D:3      | Found a faded altar of an unknown god.
  2027 | D:3      | You fall into a shaft and drop 1 floor!
  2029 | D:4      | Found a shadowy altar of Dithmenos.
  2034 | D:4      | Noticed a black bear
  2039 | D:4      | Noticed a scorpion
  2046 | D:4      | Reached XP level 5. HP: 43/50 MP: 4/4
  2048 | D:4      | Reached skill level 1 in Stealth
  2048 | D:4      | Reached skill level 5 in Unarmed Combat
  2126 | D:4      | Killed a black bear
  2127 | D:4      | Reached XP level 6. HP: 48/59 MP: 5/5
  2150 | D:4      | Reached skill level 6 in Unarmed Combat
  2186 | D:3      | Found a basalt altar of Yredelemnul.
  2214 | D:4      | Reached XP level 7. HP: 57/66 MP: 6/6
  2287 | D:4      | Noticed Sigmund
  2384 | D:3      | Found a snail-covered altar of Cheibriados.
  2887 | D:4      | Killed Sigmund
  2888 | D:4      | Reached skill level 7 in Unarmed Combat
  2989 | D:4      | Found a shimmering altar of Xom.
  3026 | D:4      | Reached XP level 8. HP: 66/74 MP: 7/7
  3263 | D:5      | Entered Level 5 of the Dungeon
  3346 | D:5      | Noticed Blork the orc
  3353 | D:5      | Killed Blork the orc
  3353 | D:5      | Noticed Edmund
  3365 | D:5      | Killed Edmund
  3366 | D:5      | Reached skill level 8 in Unarmed Combat
  3405 | D:5      | Found an opulent altar of Gozag.
  3485 | D:5      | Found a shimmering blue altar of Sif Muna.
  3836 | D:5      | Found Rimpi's Fire Supplies.
  3859 | D:5      | Found a staircase to the Ecumenical Temple.
  3874 | Temple   | Entered the Ecumenical Temple
  4000 | Temple   | Became a worshipper of Warmaster Okawaru
  4236 | D:6      | Reached skill level 9 in Unarmed Combat
  4243 | D:6      | Found a burning altar of Makhleb.
  4269 | D:6      | Reached XP level 9. HP: 83/83 MP: 8/8
  4313 | D:6      | Reached skill level 1 in Throwing
  4322 | D:6      | Identified the +6 long sword of the Butterfly {protect,
                  | Fragile rF+ rCorr Int+8}
  4622 | D:6      | Found a runed translucent door.
  4623 | D:6      | Noticed Crazy Yiuf
  4694 | D:6      | Reached * piety under Okawaru
  4810 | D:7      | Noticed Pikel
  4863 | D:7      | Killed Pikel
  4864 | D:7      | Reached skill level 1 in Invocations
  4892 | D:7      | Found a runed translucent gate.
  4892 | D:7      | Found a runed translucent gate.
  4892 | D:7      | Found a runed translucent gate.
  4893 | D:7      | Noticed dialectric's ghost (novice GrFi)
  5298 | D:7      | Noticed Maggie
  5365 | D:7      | Killed Maggie
  5365 | D:7      | Reached ** piety under Okawaru
  5366 | D:7      | Reached skill level 10 in Unarmed Combat
  5451 | D:7      | Reached XP level 10. HP: 94/94 MP: 10/10
  5648 | D:7      | Found a hide-covered altar of Uskayaw.
  5701 | D:7      | Reached skill level 5 in Shields
  5763 | D:7      | Reached *** piety under Okawaru
  5793 | D:7      | Found an ancient bone altar of Kikubaaqudgha.
  6193 | D:8      | Found a broken altar of Ashenzari.
  6240 | D:8      | Found Japots's Distillery.
  6299 | D:8      | Found a glowing golden altar of the Shining One.
  6397 | D:8      | Found a glowing silver altar of Zin.
  6945 | D:9      | Noticed Grum
  6957 | D:9      | Killed Grum
  6960 | D:9      | Reached **** piety under Okawaru
  7055 | D:9      | Reached skill level 11 in Unarmed Combat
  7059 | D:9      | Reached skill level 5 in Fighting
  7083 | D:9      | Reached XP level 11. HP: 95/104 MP: 9/12
  7103 | D:9      | Found a staircase to the Lair.
  7401 | D:9      | Found a sparkling altar of Nemelex Xobeh.
  7538 | D:9      | Found a hazy altar of Hepliaklqana.
  7906 | D:10     | Entered Level 10 of the Dungeon
  7948 | D:10     | Received a gift from Okawaru
  7975 | D:10     | Found a sacrificial altar of Ru.
  8034 | D:10     | Found a staircase to the Orcish Mines.
  8034 | D:10     | Noticed a two-headed ogre
  8102 | D:10     | Killed a two-headed ogre
  8103 | D:10     | Reached skill level 1 in Armour
  8202 | D:10     | Found a stormy altar of Qazlal.
  8202 | D:10     | Noticed Psyche
  8206 | D:10     | Killed Psyche
  8362 | D:10     | Noticed Nergalle
  8369 | D:9      | Killed Nergalle
  8387 | D:9      | Received a gift from Okawaru
  8388 | D:9      | Reached skill level 5 in Throwing
  8388 | D:9      | Reached skill level 5 in Dodging
  8579 | D:10     | Reached skill level 12 in Unarmed Combat
  9018 | D:11     | Noticed Erica
  9026 | D:11     | Killed Erica
  9271 | D:11     | Reached XP level 12. HP: 97/114 MP: 14/14
  9347 | D:12     | Noticed Erolcha
  9348 | D:12     | Noticed an entropy weaver
  9359 | D:12     | Killed an entropy weaver
  9359 | D:12     | Reached ***** piety under Okawaru
  9360 | D:12     | Reached skill level 5 in Invocations
  9364 | D:12     | Killed Erolcha
  9465 | D:12     | Found a runed translucent door.
  9465 | D:12     | Noticed Plog's ghost (journeyman DgVM)
  9536 | D:12     | Noticed Josephine
  9563 | D:12     | Noticed a boulder beetle
  9581 | D:12     | Killed a boulder beetle
  9595 | D:12     | Killed Josephine
  9610 | D:12     | Received a gift from Okawaru
  9665 | D:12     | Found a portal to a secret trove of treasure.
 10457 | D:6      | Killed Crazy Yiuf
 10520 | D:7      | Killed dialectric's ghost
 10758 | Lair:1   | Entered Level 1 of the Lair of Beasts
 11040 | Lair:1   | Reached skill level 13 in Unarmed Combat
 11060 | Lair:1   | Received a gift from Okawaru
 11692 | Lair:2   | Noticed Urug
 11708 | Lair:2   | Killed Urug
 11810 | Lair:2   | Found a hole to the Spider Nest.
 11811 | Lair:2   | Noticed Harold
 11821 | Lair:2   | Killed Harold
 12083 | Lair:2   | Reached XP level 13. HP: 72/123 MP: 16/16
 12728 | Lair:3   | Found a staircase to the Swamp.
 12859 | Lair:3   | Identified the +3 glaive of Optimality {vamp, rElec MP+9
                  | Int-2}
 13014 | Lair:3   | Found a transporter.
 13066 | Lair:3   | Found a transporter.
 13928 | Lair:4   | Reached skill level 14 in Unarmed Combat
 14002 | Lair:4   | Received a gift from Okawaru
 14048 | Lair:4   | Identified the +0 robe of the Enchanted Forest {rElec
                  | Dex+3}
 14130 | Lair:4   | Found a staircase to the Slime Pits.
 14130 | Lair:4   | Found a viscous altar of Jiyva.
 14159 | Lair:4   | Reached skill level 5 in Armour
 14447 | Lair:4   | Identified the +6 demon trident "Inkoapp" {flame, rElec
                  | Dex+2} (Okawaru gifted it to you on level 4 of the Lair of
                  | Beasts)
 14447 | Lair:4   | Received a gift from Okawaru
 14989 | Lair:5   | Entered Level 5 of the Lair of Beasts
 15018 | Lair:5   | Reached XP level 14. HP: 126/133 MP: 10/18
 15375 | Lair:5   | Identified the +8 whip "Nahoakhlo" {flame, Fragile +Blink
                  | rElec Will- Str+6}
 15394 | Lair:5   | Got Ykhull's Almanac of Fulmination and the Tundra
 15520 | Lair:5   | Received a gift from Okawaru
 15809 | Lair:5   | Received a gift from Okawaru
 16109 | Lair:5   | Reached skill level 15 in Unarmed Combat
 16783 | D:12     | Killed Plog's ghost
 16829 | D:12     | Got the Folio of the Cwm
 16949 | Orc:1    | Entered Level 1 of the Orcish Mines
 17175 | Orc:2    | Entered Level 2 of the Orcish Mines
 17430 | Orc:1    | Received a gift from Okawaru
 17649 | Orc:2    | Found Ehugreow's Distillery.
 17828 | Orc:2    | Reached XP level 15. HP: 83/144 MP: 18/20
 18027 | Orc:2    | Found Foubed's Magic Scroll Shop.
 18027 | Orc:2    | Found Xaggad's Distillery.
 18029 | Orc:2    | Found Naanodd's Assorted Antiques.
 18031 | Orc:2    | Found Uzi Gez's Jewellery Boutique.
 18035 | Orc:2    | Bought 3 scrolls of identify for 84 gold pieces
 18035 | Orc:2    | Bought a scroll of identify for 28 gold pieces
 18040 | Orc:2    | Identified a scroll of acquirement
 18042 | Orc:2    | Acquired the amulet "Qofocownu" {rF+ Will+ Regen+}
 18052 | Orc:2    | Bought a scroll of identify for 48 gold pieces
 18155 | Orc:2    | Found a staircase to the Elven Halls.
 18230 | Orc:2    | Received a gift from Okawaru
 18584 | Orc:2    | Bought 2 potions of heal wounds for 130 gold pieces
 18584 | Orc:2    | Bought 2 potions of curing for 78 gold pieces
 18584 | Orc:2    | Bought a potion of curing for 39 gold pieces
 18682 | D:8      | Bought a potion of heal wounds for 60 gold pieces
 18682 | D:8      | Bought a potion of curing for 36 gold pieces
 18682 | D:8      | Bought a potion of curing for 36 gold pieces
 18790 | Orc:2    | Bought a scroll labelled UMETHO BUAPN for 24 gold pieces
 18795 | Orc:2    | Bought a scroll of fog for 56 gold pieces
 18845 | Orc:2    | Bought a potion of might for 52 gold pieces
 18845 | Orc:2    | Bought a potion of cancellation for 104 gold pieces
 18845 | Orc:2    | Bought a potion of haste for 130 gold pieces
 18893 | Orc:2    | Bought a potion of might for 60 gold pieces
 18893 | Orc:2    | Bought a potion of might for 60 gold pieces
 18894 | Orc:2    | Bought a scroll of fear for 56 gold pieces
 19050 | D:5      | Bought a wand of flame (4) for 39 gold pieces
 19181 | Spider:1 | Entered Level 1 of the Spider Nest
 19188 | Spider:1 | Noticed Kirke
 19263 | Spider:1 | Noticed an emperor scorpion
 19270 | Lair:2   | Killed Kirke
 19301 | Spider:1 | Killed an emperor scorpion
 19442 | Spider:1 | Received a gift from Okawaru
 20005 | Spider:1 | Received a gift from Okawaru
 20217 | Spider:1 | Noticed an emperor scorpion
 20227 | Spider:1 | Killed an emperor scorpion
 20639 | Spider:2 | Received a gift from Okawaru
 20776 | Spider:2 | Received a gift from Okawaru
 21109 | Spider:2 | Reached skill level 10 in Shields
 21302 | Spider:2 | Received a gift from Okawaru
 21445 | Spider:2 | Received a gift from Okawaru
 21453 | Spider:2 | Reached XP level 16. HP: 151/156 MP: 21/21
 21895 | Spider:2 | Reached skill level 16 in Unarmed Combat
 22241 | Spider:3 | Received a gift from Okawaru
 22353 | Spider:3 | Found a transporter.
 22354 | Spider:3 | Noticed Esekla's ghost (adept DsWn)
 22409 | Spider:3 | Found a transporter.
 22476 | Spider:3 | Noticed Arachne
 22610 | Spider:3 | Killed Arachne
 23133 | Spider:3 | Reached skill level 10 in Throwing
 23271 | Spider:4 | Entered Level 4 of the Spider Nest
 23411 | Spider:3 | Upgraded the game from 0.30.0 to 0.30.0-3-ga4e48a9924
 23415 | Spider:4 | Found a frozen archway.
 23487 | IceCv    | Entered an ice cave
 23757 | IceCv    | Identified the +0 chain mail of the Fiend {rF- Will- Str+4
                  | SInv}
 23933 | IceCv    | Noticed a shard shrike
 23944 | IceCv    | Reached skill level 10 in Fighting
 23952 | IceCv    | Killed from afar by a shard shrike

Illustrated notes

Levels and vault maps discovered:
D:1:      nicolae_arrival_somewhat_less_tricky_arrival, layout_loops_corners,
          hellmonk_ecumenical_altar_watching_god
D:2:      layout_basic, grunt_ministairs_3
D:3:      minmay_roachtagon, layout_loops_ring,
          nicolae_overflow_ecumenical_swirl, chei_slow_surprise, serial_glass,
          glass_columns_c, glass_columns_b, goddamned_bats
D:4:      layout_cave_pools, nicolae_dithmenos_shadow_blocks,
          old_standard_altar, nicolae_titane, uniq_sigmund
D:5:      cheibrodos_quashed, layout_loops_ring, mainiacjoe_overflow_brackets,
          kennysheep_little_box, minmay_temple_entry_proselytizer,
          dk_vineyard_3, hangedman_decor_opposing, nicolae_shop_fire_sale
          [nicolae_sub_dead_trees], uniq_edmund, uniq_blork_the_orc
D:6:      layout_basic, lemuel_crystal_altar, uniq_crazy_yiuf_cottage
D:7:      minmay_polygon_palace, layout_basic,
          lemuel_mausoleum_altar_kikubaaqudgha, eat_drink_and_be_merry_uskayaw,
          ebering_ghost_rock_garden, uniq_pikel, uniq_maggie
D:8:      layout_basic, lemuel_crystal_altar,
          mainiacjoe_overflow_concentric_impassable, old_standard_altar,
          serial_shops, shop
D:9:      layout_loops_corners, nicolae_hepliaklqana_hippocampus,
          nemelex_xobeh_ov_fountains_minmay, minmay_lair_entry_grove,
          kennysheep_generic_room_10, uniq_grum
D:10:     layout_roguey, nicolae_overflow_hidden_temple, amcnicky_altar_gilded,
          bh_circular_ruins, uniq_psyche, uniq_nergalle
D:11:     layout_basic, uniq_erica
D:12:     layout_basic, hellmonk_ghost_big_iron, enter_trove_0, uniq_erolcha,
          uniq_josephine
Temple:   nicolae_temple_two_arcs
Lair:1:   layout_cave_shapes
Lair:2:   layout_roguey, spider_nest_entry_rubble,
          chequers_serial_rivers_micro_c, uniq_urug, uniq_harold
Lair:3:   gammafunk_cloud_chamber, layout_long_grid, minmay_swamp_entry_swarm,
          grunt_megastairs_4, lemuel_fruit_fields, serial_bayou_shore_b
Lair:4:   layout_regular_city, slime_entry_1, beast_lair_carwin_7
Lair:5:   evilmike_catoblepas_cave, layout_regular_city,
          infiniplex_staircase_pool_2
Spider:1: layout_cave_pods, uniq_kirke
Spider:2: layout_cave_pods, nicolae_spider_undead_wolf_pack
Spider:3: layout_spider_delve, gammafunk_ghost_berserking_beasts,
          guppyfry_spider_mini_2, uniq_arachne
Spider:4: guppyfry_spider_rune, portal_ice_cave_entry_dragon
Orc:1:    layout_caves
Orc:2:    st_orc_rangers, layout_diamond_mine, serial_shops, shop
IceCv:    ice_cave_caverns_03

Skill      XL: |  1  2  3  4  5  6  7  8  9 10 11 12 13 14 15 16 |
---------------+-------------------------------------------------+-----
Unarmed Combat | 3 4 5 6 7 9 10 11 12 13 14 15 16 | 16.4
Stealth        | 1 2 3 4 |  4.0
Shields        | 3 4 5 6 7 8 9 10 | 10.0
Fighting       | 3 4 5 6 7 8 9 10 | 10.0
Throwing       | 3 4 5 6 7 8 9 10 | 10.2
Invocations    | 2 3 4 6 7 8 9 |  9.8
Dodging        | 3 4 5 6 7 8 9 |  9.5
Armour         | 2 4 5 6 7 8 |  8.3

Action                     |  1- 3 |  4- 6 |  7- 9 | 10-12 | 13-15 | 16-18 || total
---------------------------+-------+-------+-------+-------+-------+-------++-------
  Melee: Unarmed           |    80 |   113 |   321 |   580 |  1163 |   395 ||  2652
         Short sword       |       |       |       |    46 |       |       ||    46
         Giant spiked club |       |       |       |     9 |       |       ||     9
         Morningstar       |       |       |       |       |    17 |       ||    17
  Throw: Dart              |       |    10 |    11 |    62 |   142 |       ||   225
         Javelin           |       |     3 |     5 |     8 |     1 |       ||    17
         Throwing net      |       |       |     4 |       |       |       ||     4
         Boomerang         |       |       |       |    28 |   445 |   169 ||   642
 Invoke: Heroism           |       |       |       |    13 |    27 |    10 ||    50
         Finesse           |       |       |       |     1 |    11 |     7 ||    19
  Evoke: Wand              |       |       |     2 |     3 |     2 |       ||     7
    Use: Scroll            |       |     5 |     6 |    18 |    13 |     3 ||    45
         Potion            |       |       |     2 |     3 |     9 |    14 ||    28
   Stab: Sleeping          |     4 |     2 |     9 |    16 |     3 |     1 ||    35
         Held in net/web   |       |       |     2 |       |       |       ||     2
         Petrifying        |       |       |       |       |     1 |       ||     1
         Petrified         |       |       |       |       |     1 |       ||     1
         Invisible         |       |       |       |       |     1 |       ||     1
 Armour: Robe              |    27 |    55 |    73 |    81 |       |       ||   236
         Acid dragon scale |       |       |       |    39 |   329 |   126 ||   494
  Dodge: Dodged            |    28 |    52 |   108 |   274 |   668 |   272 ||  1402
  Block: Kite shield       |    30 |    55 |   107 |   283 |   676 |   248 ||  1399
